Unix NetHack Version 3.7.0-86 Work-in-progress - last build May 30 2023 01:50:43 (cc98dc9aa62a9957b082a042edf5bd7ec9f632c7,branch:master). Game began 2023-07-04 21:17:37, ended 2023-07-28 01:01:31. OhNoNotAgain, chaotic male human Rogue ------ --------------------------------# |..[.| |.....ds.......................|#####.<...| ------ |.-----l.-------------- -......|## |.....#### |....| |.|*..|.o|G.|....|...| |......)# -+---- ##.....| |.|...|rd@v.|....|...| |......|# |....| |.|.@:[.:|------||...|--|......| |....| |.|-----u|..|..|.|.. |..|......| |....| |.| |.|..|..|.-|--|..|.----.| ----.- |)| (+|. -|--..{..-|--.| .|.| |.| |.-|--............)-..|.| |.| |.)....-+--....--+----|.| | |.|-------....|..|....|.(.| |.| |. |%|.(.|.{|....|]*|....|((.| |.| |. |.+.%%|..|....|%%|....|(((| |.| . |.-----|--....----.{..----- --.| |. |..............................| |. -------------------------------- --- OhNoNotAgain the Rogue St:17 Dx:18 Co:13 In:13 Wi:8 Ch:10 Chaotic S:4677 Dlvl:7 $:99 HP:0(52) Pw:27(27) AC:-1 Xp:7/958 T:5790 Latest messages: The 2nd crossbow bolt misses you. The 3rd crossbow bolt misses you. You are hit by the 4th crossbow bolt. The hill orc hurls a bubbly potion! The vial crashes on your head and breaks into shards. The bubbly potion evaporates. Call a bubbly potion: Shards It hits! It hits! Lassie drops a thonged club. Lassie bites the hill orc. The hill orc thrusts her crude short sword at Lassie. The hill orc hits Lassie. The hill orc reads a scroll called MAPIRO MAHAMA DIROMAT - Heard! A leprechaun suddenly appears close by! A rock mole suddenly appears close by! A horse suddenly appears close by! A werejackal suddenly appears close by! A lizard suddenly appears next to you! A dwarf suddenly appears close by! A centipede suddenly appears close by! A newt suddenly appears close by! A fog cloud suddenly appears next to you! A lizard suddenly appears close by! The gnome king swings his crossbow. The gnome king hits! Lassie bites the rock mole. The gnome king swings his crossbow. The gnome king hits! Lassie bites the rock mole. The dwarf wields a dagger! The lizard bites! Lassie bites the rock mole. The rock mole misses Lassie. The gnome king swings his crossbow. The gnome king hits! You dream that you hear a jackal howling at the moon. The leprechaun wakes up. The lizard bites! Lassie misses the rock mole. The hill orc reads a scroll labeled VELOX NEB! The hill orc shudders for a moment. The gnome king swings his crossbow. The gnome king hits! You die... Do you want your possessions identified? [ynq] (y) y Do you want to see your attributes? [ynq] (y) y Do you want an account of creatures vanquished? [ynaq] (y) n Do you want to see your conduct and achievements? [ynq] (y) y Do you want to see the dungeon overview? [ynq] (y) n Inventory: Coins $ - 99 gold pieces Amulets q - an uncursed amulet of guarding (being worn) Weapons C - a +0 arrow b - a +0 dagger (alternate weapon; not wielded) G - 6 +0 daggers (at the ready) H - 5 +0 daggers B - a cursed -3 dagger a - a corroded +0 short sword (weapon in hand) Armor L - an uncursed +0 dwarvish iron helm named UNC (being worn) k - a blessed +2 pair of low boots (being worn) N - a blessed +1 dwarvish cloak named UNC (being worn) c - an uncursed +1 leather armor (being worn) Comestibles J - a cursed tripe ration Scrolls p - an uncursed scroll of create monster w - an uncursed scroll of destroy armor D - an uncursed scroll of identify Wands z - a wand of fire (0:4) Tools s - an uncursed sack containing 21 items F - an uncursed credit card l - an uncursed lock pick Contents of the sack: 426 gold pieces 4 uncursed slime molds an uncursed cream pie 2 uncursed eggs 3 uncursed scrolls of blank paper an uncursed scroll of create monster 3 uncursed scrolls of enchant armor an uncursed scroll of identify a cursed scroll of light an uncursed scroll of magic mapping an uncursed scroll of teleportation an uncursed potion of hallucination an uncursed potion of healing a cursed potion of invisibility an uncursed potion of sickness an uncursed potion of sickness a blessed potion of sleeping an uncursed potion of sleeping a wand of light (0:13) a cursed fire horn (0:8) 2 uncursed worthless pieces of black glass OhNoNotAgain the Rogue's attributes: Background: You were a Rogue, level 7 male human. You were chaotic, nominally on a mission for Kos who was opposed by Issek (lawful) and Mog (neutral). You were in the Gnomish Mines, on level 7. You entered the dungeon 5790 turns ago. It was nighttime. You had 958 experience points, 322 more were needed to attain level 8. Your score was 4677 before end-of-game adjustments. Basics: You had 0 out of 52 hit points. You had all 27 energy points (spell power). Your armor class was -1. Your wallet contained 99 zorkmids, and you had 426 more stashed away in your pack. Autopickup was on for '$' plus thrown. Final Characteristics: Your strength was 17 (limit:18/100). Your dexterity was 18 (limit:18). Your constitution was 13 (limit:18). Your intelligence was 13 (limit:18). Your wisdom was 8 (limit:18). Your charisma was 10 (limit:18). Final Status: You were not hungry. You were unencumbered. You were wielding a short sword. You were skilled in short sword. Final Attributes: You were piously aligned. You were stealthy. You had a small defense bonus (+2). You were protected. You are dead. Miscellaneous: You encountered 1 bones level. Total elapsed playing time was 2 hours, 26 minutes and 49 seconds. Major events: Turn 1: OhNoNotAgain the chaotic male human Rogue entered the dungeon 1474: attained the rank of Cutpurse (level 3) 1476: entered the Gnomish Mines 3915: attained the rank of Rogue (level 6) 5679: reached Mine Town 5790: killed by a gnome king, while sleeping Vanquished creatures: a dwarf ruler a leprechaun a gnome ruler a human zombie a yellow light 2 shriekers 5 gnome leaders a kobold mummy a gray ooze a paper golem a giant ant a floating eye 2 kittens 9 dwarves a homunculus 13 hill orcs a centipede 4 giant bats 2 dwarf zombies 6 iguanas a gas spore a hobbit 2 hobgoblins 2 giant rats 2 cave spiders 2 yellow molds 18 gnomes 15 garter snakes 2 gnome zombies 2 geckos 14 jackals 3 foxes 2 goblins 3 sewer rats a grid bug 2 bats 5 lichens 6 newts 138 creatures vanquished. No species were genocided or became extinct. Voluntary challenges: You were an atheist. You read items or engraved 6 times. You engraved Elbereth 4 times. You never genocided any monsters. You never polymorphed an object. You never changed form. You used no wishes. Achievements: You attained the rank of Cutpurse. You entered the Gnomish Mines. You entered a shop. You attained the rank of Rogue. You entered Minetown. The Dungeons of Doom: levels 1 to 6 Level 1: A fountain. Level 2: Level 3: A potion shop. Stairs down to The Gnomish Mines. Level 4: A general store, a fountain. Level 5: A fountain. Level 6: The Gnomish Mines: levels 4 to 7 Level 4: Level 5: Level 6: Level 7: <- You were here. Many shops, some fountains, a sink, a grave. Final resting place for you, killed by a gnome king, while sleeping, spontiff-Hea-Gno-Mal-Neu, killed by a bolt of cold zapped by a hill orc, Prokythera-Rog-Orc-Fem-Cha, killed by a gnome queen. Game over: ---------- / \ / REST \ / IN \ / PEACE \ / \ | OhNoNotAgain | | 525 Au | | killed by a | | gnome king | | | | | | 2023 | *| * * * | * _________)/\\_//(\/(/\)/\//\/|_)_______ Goodbye OhNoNotAgain the Rogue... You died in The Gnomish Mines on dungeon level 7 with 4625 points, and 525 pieces of gold, after 5790 moves. You were level 7 with a maximum of 52 hit points when you died.